 Dungeon Crawl Stone Soup version 0.31-a0-819-gf6de2f5ab6 (console) character file.

Game seed: 9750268035812142474

85614 petzl the Blocker (level 16, -6/125 HPs)
             Began as a Formicid Delver on Sept 22, 2023.
             Was an Elder of Vehumet.
             Mangled by a caustic shrike simulacrum (27 damage)
             ... in an ice cave on Sept 24, 2023.
             The game lasted 02:56:03 (34306 turns).

petzl the Blocker (Formicid Delver)                Turns: 34306, Time: 02:56:03

Health: -6/125     AC: 18    Str: 17    XL:     16   Next: 31%
Magic:  0/32       EV: 14    Int: 18    God:    Vehumet [****..]
Gold:   1870       SH: 10    Dex: 15    Spells: 25/39 levels left

rFire   + . .        a - +3 arbalest (drain)
rCold   . . .        J - +2 buckler {rF+}
rNeg    . . .        G - +4 ring mail
rPois   +            (helmet unavailable)
rElec   +            S - +1 cloak
rCorr   .            (no gloves)
SInv    +            t - +0 pair of boots of Resonance {+Blink rElec Will+ SInv}
Will    ++...        V - amulet of guardian spirit
Stlth   +++          k - +4 ring of protection
HPRegen 0.40/turn    K - +4 ring of slaying
MPRegen 0.23/turn

%: guardian spirit
@: no status effects
A: permanent stasis, dig shafts and tunnels, antennae 3, four strong arms, sense
surroundings 1, poison resistance, wild magic 1, inability to read after injury
1
a: Dig, Renounce Religion


You were in an ice cave.
You worshipped Vehumet.
Vehumet was greatly pleased with you.
You visited 5 branches of the dungeon, and saw 23 of its levels.
You also visited: Bailey, Gauntlet and Ice Cave.

You collected 1968 gold pieces.
You spent 98 gold pieces at shops.

Inventory:

Hand Weapons
 a - a +3 arbalest of draining (weapon)
 b - a +2 flail of venom
 i - the +2 quarterstaff of Nuutsee {holy, Will+ Dex+2}
   (You took it off a spriggan in a bailey)

   Dex+2:     It affects your dexterity (+2).
   Will+:     It increases your willpower.
 r - a +2 shortbow of freezing
 H - a +2 mace of protection
 M - a +1 scimitar of flaming
 Q - the +1 falchion of Benevolence {heavy, rC++}
   (You found it on level 9 of the Dungeon)

   rC++:      It greatly protects you from cold.
Missiles
 N - 2 curare-tipped darts
Armour
 t - the +0 pair of boots of Resonance (worn) {+Blink rElec Will+ SInv}
   (You acquired it on level 9 of the Dungeon)

   rElec:     It insulates you from electricity.
   Will+:     It increases your willpower.
   SInv:      It lets you see invisible.
   +Blink:    It lets you blink.
 F - a +1 leather armour of willpower
 G - a +4 ring mail (worn)
 J - a +2 buckler of fire resistance (worn)
 S - a +1 cloak (worn)
Jewellery
 k - a +4 ring of protection (left hand)
 K - a +4 ring of slaying (right hand)
 R - a ring of willpower
 V - an amulet of guardian spirit (around neck)
Wands
 f - a wand of digging (1)
 g - a wand of paralysis (19)
 n - a wand of mindburst (18)
 v - a wand of flame (72)
 w - a wand of acid (10)
 y - a wand of roots (19)
Scrolls
 d - 3 scrolls of revelation
 e - 6 scrolls of fear
 h - 5 scrolls of vulnerability
 s - 2 scrolls of poison
 z - 4 scrolls of identify
 C - a scroll of butterflies
 E - 4 scrolls of silence
 I - 2 scrolls of torment
 P - 2 scrolls of fog
Potions
 m - 4 potions of heal wounds
 o - a potion of resistance
 u - 2 potions of enlightenment
 A - 7 potions of curing
 B - 2 potions of brilliance
 D - a potion of cancellation
 L - 3 potions of might
 W - a potion of invisibility
Miscellaneous
 T - a phantom mirror


   Skills:
 - Level 11.0 Fighting
 - Level 4.0 Maces & Flails
 - Level 7.2 Ranged Weapons
 - Level 9.1 Armour
 - Level 7.5 Dodging
 - Level 8.0 Stealth
 - Level 13.6 Shields
 - Level 12.0 Spellcasting
 - Level 10.0 Conjurations
 - Level 2.0 Hexes
 - Level 6.0 Fire Magic
 * Level 3.9 Ice Magic
 - Level 5.0 Air Magic
 - Level 6.0 Earth Magic
 - Level 3.0 Evocations


You had 25 spell levels left.
You knew the following spells:

 Your Spells              Type           Power      Damage    Failure   Level
a - Stone Arrow           Conj/Erth      100%       3d13      1%          3
b - Foxfire               Conj/Fire      100%       2x1d9     1%          1
c - Dazzling Flash        Conj/Hex       84%        N/A       1%          3
d - Static Discharge      Conj/Air       98%        2-7/arc   1%          2
l - Freezing Cloud        Conj/Ice/Air   21%        6-21      10%         5

Your spell library contained the following spells:

 Spells                   Type           Power      Damage    Failure   Level
 Hailstorm                Conj/Ice       46%        3d11      1%          3
 Airstrike                Air            18%        2d(3-19)  6%          4
 Ensorcelled Hibernation  Hex/Ice        54%        N/A       9%          2
 Passwall                 Tmut/Erth      23%        N/A       9%          2
 Apportation              Tloc           28%        N/A       17%         1
 Necrotise                Necr           56%        1d6       17%         1
 Summon Small Mammal      Summ           56%        N/A       17%         1
 Summon Lightning Spire   Summ/Air       25%        N/A       50%         4
 Cause Fear               Hex            11%        N/A       56%         4
 Summon Ice Beast         Ice/Summ       23%        N/A       58%         4
 Anguish                  Hex/Necr       9%         N/A       71%         4
 Silence                  Hex/Air        15%        N/A       71%         5
 Agony                    Necr           14%        N/A       99%         5
 Summon Forest            Summ/Tloc      7%         N/A       99%         5
 Eringya's Noxious Bog    Tmut/Pois      7%         4d6       99%         6
 Simulacrum               Ice/Necr       11%        N/A       100%        6
 Enfeeble                 Hex            11%        N/A       100%        7
 Summon Hydra             Summ           7%         N/A       100%        7
 Swiftness                Air            Unusable   N/A       N/A         3

Dungeon Overview and Level Annotations

Branches:
Dungeon (15/15)            Temple (1/1) D:4            Lair (5/5) D:11
 Shoals (1/4) Lair:2        Snake (0/4) Lair:3        Slime (0/5) Lair:4
    Orc (1/2) D:9          Vaults (0/5) D:13         Depths (0/4) D:15
 Bailey (visited)           IceCv (1/1)             Gauntlet (visited)

Altars:
Ashenzari
Cheibriados
Dithmenos
Elyvilon
Fedhas
Gozag
Hepliaklqana
Kikubaaqudgha
Makhleb
Nemelex Xobeh
Okawaru
Qazlal
Ru
Sif Muna
Trog
Uskayaw
Vehumet
Wu Jian
Xom
Yredelemnul
Zin
The Shining One
Jiyva

Shops:
D:1 [   D:3 *

Annotations:
D:9 exclusion: downstairs
D:15 Nessos
Lair:4 exclusion: downstairs
Orc:1 Jorgrun


Innate Abilities, Weirdness & Mutations

You cannot be hasted, slowed, berserked, paralysed or teleported.
You can dig through walls and to a lower floor.
You have a pair of large antennae on your head. (SInv)
Your four strong arms can wield two-handed weapons with a shield.
You passively map a small area around you.
Your system is resistant to poisons. (rPois)
Your spells are a little harder to cast, but a little more powerful.
You occasionally lose the ability to read scrolls when taking damage.


Message History

The caustic shrike simulacrum freezes you!!
You block the caustic shrike simulacrum's attack.
Casting: Stone Arrow (safe; 1% risk of failure)
Confirm with . or Enter, or press ? or * to list all spells.
Aiming: Stone Arrow (safe; 1% risk of failure)
Press: ? - help, Shift-Dir - straight line, f/p - seven-headed hydra simulacrum
Aim: a seven-headed hydra simulacrum (almost destroyed, 100% to hit)
The stone arrow misses the caustic shrike simulacrum.
The stone arrow hits the seven-headed hydra simulacrum!!
The seven-headed hydra simulacrum vaporises!
Vehumet accepts your kill.
The caustic shrike simulacrum claws you!
The caustic shrike simulacrum freezes you!!
The caustic shrike simulacrum claws you!
The caustic shrike simulacrum freezes you!!!
* * * LOW HITPOINT WARNING * * *
Press: ? - help, v - describe, . - travel
Here: a caustic shrike simulacrum (heavily damaged)
The floor.
Unknown command.
Okay, then.
Unknown command.
Unknown command.
Press: ? - help, v - describe, . - travel An ice covered rock wall.
Unknown command.
Unknown command.
Unknown command.
Okay, then.
Okay, then.
Unknown command.
Unknown command.
Okay, then.
Unknown command.
Okay, then.
You feel much better.
The caustic shrike simulacrum claws you!
* * * LOW HITPOINT WARNING * * *
The caustic shrike simulacrum freezes you!!
You die...

#########
#.......#
#...@...#
#...Z...#
#.......#
#...Z...#
##.Z...##
##.Z.##
##.## *
... ...,*
..Z


,ZZZZZ * , , , , , , You could see a dire elephant simulacrum, 2 lindwurm
simulacra and a caustic shrike simulacrum.

Vanquished Creatures
  Azrael (D:15)
  Snorg (D:11)
  A merfolk impaler (Shoals:1)
  3 vault guards
  3 centaur warriors
  2 boulder beetles
  3 hydras
  4 two-headed ogres
  A merfolk aquamancer (Shoals:1)
  3 tengu warriors
  Urug (D:11)
  4 death yaks
  A skyshark (Lair:5)
  Lodul (D:13)
  A glowing orange brain (D:15)
  2 deep elf pyromancers
  A wizard (D:14)
  32 ugly things
  A wolf spider (Lair:4)
  2 oklob plants (Lair:4)
  An orc sorcerer (Orc:1)
  7 cyclopes
  The ghost of Phlounder the Magician, a novice DjRe of Makhleb (D:6)
  A salamander (Lair:3)
  6 elephants
  4 manticores
  A merfolk siren (Shoals:1)
  A black mamba (Lair:1)
  7 cane toads
  2 torpor snails
  A freezing wraith (D:14)
  2 unseen horrors
  2 rime drakes
  A kobold demonologist (D:11)
  Jeremiah (Lair:1)
  A yaktaur (D:15)
  13 komodo dragons
  4 trolls
  A tengu conjurer (D:15)
  A wolf spider simulacrum (D:14)
  3 meliai (D:15)
  2 polar bears (Lair:3)
  A wind drake (Lair:2)
  Grinder (D:5)
  A hornet (D:7)
  28 blink frogs
  19 slime creatures
  3 vampires
  6 spriggans (Bailey)
  A centaur simulacrum (D:15)
  5 wyverns
  3 water elementals (Shoals:1)
  5 basilisks
  53 yaks
  3 wraiths
  7 humans
  A fire elemental (D:15)
  14 vampire mosquitoes
  4 steam dragons
  12 water moccasins
  6 hell hounds (D:15)
  An acid dragon (D:11)
  2 swamp drakes (Lair:3)
  A hydra simulacrum (IceCv)
  6 ice beasts
  2 sky beasts (D:7)
  5 orc warriors
  18 ogres
  15 wolves
  6 centaurs
  8 kobold brigands
  3 gnoll sergeants (D:8)
  19 bullfrogs
  5 scorpions
  2 wights (D:8)
  10 killer bees
  2 electric eels (D:11)
  3 howler monkeys (D:11)
  3 lava snakes (Lair:3)
  11 orc priests
  8 hounds
  6 jellies
  A gnoll bouda (D:9)
  Ijyb (D:2)
  An iguana (D:5)
  14 orc wizards
  4 hell rats (Lair:1)
  15 gnolls
  7 adders
  6 river rats (Lair:1)
  3 white imps
  5 ufetubi
  A worm (D:2)
  52 orcs
  5 endoplasms
  A giant cockroach (D:1)
  14 goblins
  8 hobgoblins
  2 quokkas
  8 ball pythons
  2 bats
  2 frilled lizards
  25 kobolds
  12 rats
629 creatures vanquished.

Vanquished Creatures (others)
  An ugly thing (D:13)
  2 humans (D:13)
  A bullfrog (D:8)
  A howler monkey (D:13)
  2 orcs (Orc:1)
  A goblin (D:2)
  17 foxfires
25 creatures vanquished.

Grand Total: 654 creatures vanquished

Notes
Turn   | Place    | Note
-------+----------+-------------------------------------------
     0 | D:5      | petzl the Formicid Delver began the quest for the Orb.
     0 | D:5      | Reached XP level 1. HP: 18/18 MP: 1/1
   116 | D:4      | Noticed a hound
   120 | D:4      | Found a staircase to the Ecumenical Temple.
   120 | D:4      | Noticed an orc wizard
   121 | D:4      | Noticed a jelly
   134 | D:4      | You fall into a shaft and drop 3 floors!
   262 | D:6      | Noticed a bullfrog
   273 | D:6      | Noticed a water moccasin
   325 | D:6      | Noticed a water moccasin
   333 | D:6      | Noticed a jelly
   339 | D:6      | Killed a jelly
   340 | D:6      | Reached skill level 1 in Spellcasting
   340 | D:6      | Reached XP level 2. HP: 23/24 MP: 1/4
   340 | D:6      | Reached XP level 3. HP: 28/29 MP: 1/5
   407 | D:5      | Noticed an ogre
   494 | D:5      | Reached XP level 4. HP: 11/35 MP: 5/8
   734 | D:3      | Identified the +5 mace of Malaise {heavy, *Noise rF+ rCorr
                  | Str+4}
  1134 | D:1      | Reached XP level 5. HP: 30/41 MP: 9/9
  1220 | D:1      | Found Iliemn's Antique Armour Boutique.
  1395 | D:1      | Reached skill level 1 in Shields
  1635 | D:2      | Noticed Ijyb
  1656 | D:2      | Killed Ijyb
  1657 | D:2      | Reached skill level 1 in Armour
  2083 | D:2      | Found a shimmering altar of Xom.
  2300 | D:3      | Reached XP level 6. HP: 21/48 MP: 9/11
  2656 | D:3      | Reached skill level 2 in Shields
  2757 | D:3      | Found Widuc's Assorted Antiques.
  2765 | D:3      | Bought a scroll labelled MITUZ XAUKHY for 20 gold pieces
  2765 | D:3      | Bought a scroll labelled MITUZ XAUKHY for 20 gold pieces
  2765 | D:3      | Bought a glowing golden potion for 18 gold pieces
  2765 | D:3      | Bought a scroll labelled ETHRIV SUEGALA for 20 gold pieces
  2765 | D:3      | Bought a scroll labelled GUPEOV WUTHRE WYO for 20 gold
                  | pieces
  3113 | D:3      | Found an ornate altar of the Wu Jian Council.
  3393 | D:4      | Reached XP level 7. HP: 50/54 MP: 12/12
  3602 | D:4      | Found a blossoming altar of Fedhas.
  3602 | D:4      | Found an ancient bone altar of Kikubaaqudgha.
  3608 | D:4      | Found a sparkling altar of Nemelex Xobeh.
  3611 | D:4      | Found a snail-covered altar of Cheibriados.
  3735 | D:4      | Found a hazy altar of Hepliaklqana.
  3743 | D:4      | Reached skill level 3 in Shields
  4104 | Temple   | Entered the Ecumenical Temple
  4222 | D:5      | Noticed Grinder
  4418 | D:5      | Killed Grinder
  4419 | D:5      | Reached skill level 5 in Fighting
  4419 | D:5      | Reached skill level 4 in Shields
  4419 | D:5      | Reached XP level 8. HP: 61/62 MP: 15/15
  4478 | D:5      | Reached skill level 5 in Spellcasting
  4538 | D:5      | Found Nutrakk's Armour Emporium.
  4627 | D:5      | Reached skill level 5 in Shields
  4820 | D:5      | Found an opulent altar of Gozag.
  4844 | D:5      | Found a shimmering blue altar of Sif Muna.
  5455 | D:6      | Reached XP level 9. HP: 69/69 MP: 18/18
  5920 | D:6      | Found a runed translucent gate.
  5921 | D:6      | Found a runed translucent gate.
  5922 | D:6      | Found a runed translucent gate.
  5924 | D:6      | Noticed Phlounder's ghost (novice DjRe)
  5959 | D:6      | Reached skill level 6 in Shields
  6580 | D:6      | Found a bloodstained altar of Trog.
  6871 | D:6      | Reached skill level 7 in Shields
  7385 | D:7      | Reached skill level 8 in Shields
  7474 | D:8      | Found a flagged portal.
  7476 | D:8      | Noticed a hornet
  7493 | D:7      | Killed a hornet
  7494 | D:7      | Reached XP level 10. HP: 41/76 MP: 23/23
  7674 | Bailey   | Entered a bailey
  7841 | Bailey   | Reached skill level 9 in Shields
  7891 | Bailey   | Reached skill level 10 in Spellcasting
  7891 | Bailey   | Reached skill level 1 in Evocations
  8089 | Bailey   | Identified the +2 quarterstaff of Nuutsee {holy, Will+
                  | Dex+2}
  8210 | Bailey   | Noticed a two-headed ogre
  8228 | Bailey   | Killed a two-headed ogre
  8605 | Bailey   | Gained mutation: You occasionally lose the ability to read
                  | scrolls when taking damage. [potion of mutation]
  8605 | Bailey   | Gained mutation: You have sharp toenails. [potion of
                  | mutation]
  8605 | Bailey   | Gained mutation: You are agile. (Dex +4, Str/Int -1)
                  | [potion of mutation]
  8605 | Bailey   | Gained mutation: Your spells are a little harder to cast,
                  | but a little more powerful. [potion of mutation]
  8606 | Bailey   | Lost mutation: You have sharp toenails. [potion of
                  | mutation]
  8606 | Bailey   | Lost mutation: You are agile. (Dex +4, Str/Int -1) [potion
                  | of mutation]
  8606 | Bailey   | Gained mutation: You passively map a small area around you.
                  | [potion of mutation]
  8606 | Bailey   | Gained mutation: Your system is resistant to poisons.
                  | (rPois) [potion of mutation]
  9125 | D:7      | Found a stormy altar of Qazlal.
  9432 | D:8      | Found a hide-covered altar of Uskayaw.
  9439 | D:8      | Noticed a +0 dagger
  9440 | D:8      | Noticed a +0 hand axe
  9594 | D:8      | Reached XP level 11. HP: 68/81 MP: 25/25
  9694 | D:9      | Found a staircase to the Orcish Mines.
  9930 | D:9      | Identified a scroll of acquirement
  9999 | D:10     | Entered Level 10 of the Dungeon
 10018 | D:10     | Reached skill level 5 in Armour
 10047 | D:10     | Found an iron altar of Okawaru.
 10457 | D:8      | Learned a level 3 spell: Dazzling Flash
 10614 | D:8      | Reached skill level 1 in Conjurations
 11631 | D:9      | Identified the +1 falchion of Benevolence {heavy, rC++}
 11823 | D:9      | Reached skill level 5 in Dodging
 12231 | D:9      | Noticed a two-headed ogre
 12240 | D:9      | Killed a two-headed ogre
 12817 | D:10     | Noticed a two-headed ogre
 12855 | D:10     | Killed a two-headed ogre
 12856 | D:10     | Reached XP level 12. HP: 79/88 MP: 27/27
 12861 | D:10     | Found a radiant altar of Vehumet.
 12890 | D:10     | Became a worshipper of Vehumet
 13077 | D:10     | Reached skill level 10 in Shields
 13276 | D:11     | You fall into a shaft and drop 1 floor!
 13401 | D:11     | Noticed Snorg
 13423 | D:11     | Killed Snorg
 13655 | D:11     | Upgraded the game from 0.31-a0-818-ge7c7cf74f0 to
                  | 0.31-a0-819-gf6de2f5ab6
 13691 | D:11     | Reached skill level 5 in Conjurations
 14129 | D:11     | Reached * piety under Vehumet
 14129 | D:11     | Offered knowledge of Sandblast by Vehumet.
 14158 | D:11     | Found a staircase to the Lair.
 14951 | Lair:1   | Entered Level 1 of the Lair of Beasts
 15221 | Lair:1   | Noticed a four-headed hydra
 15241 | D:11     | You fall into a shaft and drop 1 floor!
 15586 | D:13     | Found the +1 cloak of Starlight {*Dazzle EV+4 Stlth--}
 15759 | D:13     | Reached skill level 11 in Shields
 15944 | D:11     | Noticed Urug
 15958 | D:11     | Killed Urug
 16113 | Lair:1   | Acquired the +0 pair of boots of Resonance {+Blink rElec
                  | Will+ SInv}
 16151 | Lair:1   | Reached XP level 13. HP: 82/95 MP: 29/29
 16218 | Lair:1   | Offered knowledge of Foxfire by Vehumet.
 16221 | Lair:1   | Learned a level 1 spell: Foxfire
 16224 | Lair:1   | Learned a level 2 spell: Static Discharge
 16346 | Lair:1   | Reached ** piety under Vehumet
 16347 | Lair:1   | Reached skill level 1 in Ranged Weapons
 16365 | Lair:1   | You fall into a shaft and drop 1 floor!
 16365 | Lair:2   | Noticed a seven-headed hydra
 16447 | Lair:1   | Reached skill level 1 in Hexes
 16728 | Lair:1   | Reached skill level 1 in Fire Magic
 16858 | Lair:1   | Reached skill level 1 in Air Magic
 17090 | Lair:1   | Noticed Jeremiah
 17244 | Lair:1   | Killed Jeremiah
 17716 | Lair:1   | Offered knowledge of Stone Arrow by Vehumet.
 17722 | Lair:1   | Learned a level 3 spell: Stone Arrow
 18135 | Lair:2   | Reached skill level 1 in Earth Magic
 18268 | Lair:2   | Reached *** piety under Vehumet
 18401 | Lair:2   | Found a staircase to the Shoals.
 19388 | Lair:3   | Found a gate leading to a gauntlet.
 19485 | Gauntlet | Entered a Gauntlet
 19485 | Gauntlet | Found a large runed translucent door.
 19485 | Gauntlet | Found a large runed translucent door.
 19485 | Gauntlet | Found a large runed translucent door.
 19485 | Gauntlet | Found a large runed translucent door.
 19485 | Gauntlet | Found a runed translucent door.
 19485 | Gauntlet | Found a large runed translucent door.
 19485 | Gauntlet | Found a large runed translucent door.
 19485 | Gauntlet | Found a transporter.
 19485 | Gauntlet | Found a transporter.
 19485 | Gauntlet | Found a large runed translucent door.
 19485 | Gauntlet | Found a large runed translucent door.
 19485 | Gauntlet | Found a runed translucent gate.
 19485 | Gauntlet | Found a runed translucent gate.
 19485 | Gauntlet | Found a transporter.
 19520 | Gauntlet | Found a transporter.
 19521 | Gauntlet | Found a runed translucent gate.
 19521 | Gauntlet | Found a runed translucent door.
 19521 | Gauntlet | Found a transporter.
 19523 | Gauntlet | Noticed a reaper
 19526 | Gauntlet | Found a large runed translucent door.
 19526 | Gauntlet | Found a large runed translucent door.
 19531 | Gauntlet | Found a transporter.
 19539 | Gauntlet | Found a transporter.
 19545 | Gauntlet | Found a transporter.
 19553 | Gauntlet | Found a transporter.
 19571 | Gauntlet | Found a transporter.
 19579 | Gauntlet | Found a transporter.
 19597 | Gauntlet | Found a transporter.
 19621 | Gauntlet | Found a large runed translucent door.
 19621 | Gauntlet | Found a large runed translucent door.
 19622 | Gauntlet | Found a large runed translucent door.
 19622 | Gauntlet | Found a large runed translucent door.
 19623 | Gauntlet | Found a large runed translucent door.
 19623 | Gauntlet | Found a large runed translucent door.
 20094 | Lair:3   | Noticed a four-headed hydra
 20102 | Lair:3   | Killed a four-headed hydra
 20215 | Lair:3   | Offered knowledge of Inner Flame by Vehumet.
 20368 | Lair:3   | Reached XP level 14. HP: 102/104 MP: 21/30
 20692 | Lair:3   | Reached skill level 12 in Shields
 20869 | Lair:3   | Found a staircase to the Snake Pit.
 21127 | Lair:3   | Reached **** piety under Vehumet
 21865 | Lair:3   | Offered knowledge of Arcjolt by Vehumet.
 22017 | Lair:3   | Reached skill level 5 in Ranged Weapons
 22114 | Lair:2   | You fall into a shaft and drop 1 floor!
 22283 | Lair:3   | You fall into a shaft and drop 1 floor!
 22377 | Lair:5   | Entered Level 5 of the Lair of Beasts
 22590 | Lair:4   | Reached skill level 5 in Earth Magic
 23781 | Lair:4   | Found a viscous altar of Jiyva.
 24100 | Lair:4   | Found a staircase to the Slime Pits.
 25401 | Orc:1    | Entered Level 1 of the Orcish Mines
 25513 | Orc:1    | Noticed Jorgrun
 26235 | D:13     | Reached XP level 15. HP: 111/112 MP: 23/31
 26787 | D:13     | Reached ***** piety under Vehumet
 26877 | D:13     | Offered knowledge of Irradiate by Vehumet.
 27411 | D:13     | Noticed Lodul
 27436 | D:13     | Killed Lodul
 28345 | D:13     | Reached skill level 5 in Fire Magic
 28456 | D:13     | Found a gate to the Vaults.
 28521 | D:13     | Reached skill level 13 in Shields
 29247 | D:14     | Reached skill level 10 in Fighting
 29732 | D:14     | Reached skill level 10 in Conjurations
 29900 | D:15     | Entered Level 15 of the Dungeon
 31362 | D:15     | Noticed Azrael
 31388 | D:15     | Killed Azrael
 31485 | D:15     | Noticed Nessos
 31693 | D:14     | Reached XP level 16. HP: 79/122 MP: 8/32
 31986 | D:15     | Found a broken altar of Ashenzari.
 33029 | D:15     | Offered knowledge of Freezing Cloud by Vehumet.
 33042 | D:15     | Learned a level 5 spell: Freezing Cloud
 33121 | D:15     | Reached skill level 5 in Air Magic
 33223 | D:15     | Noticed an azure jelly
 33489 | D:6      | You fall into a shaft and drop 1 floor!
 33598 | D:6      | Reached skill level 1 in Ice Magic
 33617 | D:6      | Killed Phlounder's ghost
 34003 | Shoals:1 | Entered Level 1 of the Shoals
 34287 | Shoals:1 | Found a frozen archway.
 34294 | IceCv    | Entered an ice cave
 34306 | IceCv    | Mangled by a caustic shrike simulacrum

Illustrated notes

Levels and vault maps discovered:
D:1:      wander_arrival_desolate, layout_basic, serial_shops,
          nicolae_shop_real_fake_doors
D:2:      kennysheep_the_goblin_king, layout_loops_ring, basic_altar
D:3:      layout_loops_ring, mainiacjoe_overflow_boulevard, serial_shops,
          nicolae_square_shop
D:4:      layout_cave_pools, mainiacjoe_overflow_brackets,
          grunt_temple_overflow_cloverleaf, minmay_temple_entry_wispy
D:5:      layout_layer_cave, kennysheep_mini_moat,
          nicolae_gozag_cash_rules_everything_around_me, serial_shops, shop,
          uniq_grinder
D:6:      layout_layer_cave, lemuel_doored_altar, biasface_ghost_orc_armoury
D:7:      layout_basic, kennysheep_little_box
D:8:      minmay_chambers_of_fours, layout_gridville, dancing_weapons_uskayaw,
          enter_bailey_5
D:9:      layout_basic, orc_0_dummy, minmay_misc_feat_encased, glass_columns_a,
          minivault_10
D:10:     layout_cave_pools, mainiacjoe_overflow_paths,
          lemuel_coloured_pillars_altar, feat_on_display
D:11:     layout_roguey, erik_lair_island, uniq_urug, uniq_snorg
D:12:     layout_rooms
D:13:     layout_gridville, ximxim_vaults_locker_room,
          nicolae_fountain_basement, uniq_lodul
D:14:     layout_rooms, hangedman_decor_opposing
D:15:     gammafunk_enter_depths_forms, layout_irregular_city,
          cheibrodos_ashenzari_chains, uniq_nessos, uniq_azrael
Temple:   grunt_temple_mini_profane
Lair:1:   layout_misc_corridors, kennysheep_abandoned_house, grunt_megastairs_4,
          serial_bayou_shore_b, uniq_jeremiah
Lair:2:   layout_cave_pods, elwin_shoals_entry_rocks
Lair:3:   layout_chaotic_city, nicolae_snake_entry_warm_welcome,
          gauntlet_entry_generic, pond
Lair:4:   layout_layer_cave, minmay_slime_entry_oklob_open,
          nicolae_lair_run_with_the_wolves
Lair:5:   minmay_lair_end_frog_pond, layout_regular_city,
          chequers_serial_rivers_marsh, lemuel_old_faithful, lemuel_fruit_fields
Shoals:1: dreamdust_from_the_deep, layout_shoals,
          portal_ice_cave_entry_pillars_three
Orc:1:    layout_caves, lightli_orcish_oven, uniq_jorgrun
IceCv:    ice_cave_statue_garden_chambered

Skill      XL: |  1  2  3  4  5  6  7  8  9 10 11 12 13 14 15 16 |
---------------+-------------------------------------------------+-----
Spellcasting   | 1 2 3 4 6 9 10 11 12 | 12.0
Maces & Flails | 3 4 |  4.0
Dodging        | 2 3 4 5 6 7 |  7.5
Shields        | 1 2 4 5 8 9 11 12 13 | 13.6
Armour         | 1 2 3 4 6 7 8 9 |  9.1
Fighting       | 4 5 6 8 9 10 11 | 11.0
Evocations     | 3 |  3.0
Stealth        | 7 8 |  8.0
Conjurations   | 4 6 8 9 10 | 10.0
Ranged Weapons | 4 5 7 |  7.2
Hexes          | 2 |  2.0
Fire Magic     | 2 4 5 6 |  6.0
Air Magic      | 2 3 4 5 |  5.0
Earth Magic    | 3 6 |  6.0
Ice Magic      | 3 |  3.9

Action                     |  1- 3 |  4- 6 |  7- 9 | 10-12 | 13-15 | 16-18 || total
---------------------------+-------+-------+-------+-------+-------+-------++-------
  Melee: Flail             |    10 |    45 |   213 |   599 |   454 |    26 ||  1347
         Punch             |     1 |       |       |       |       |       ||     1
         Mace              |       |    75 |     9 |     6 |    32 |       ||   122
         Whip              |       |    18 |       |       |       |       ||    18
         Quarterstaff      |       |       |       |    41 |     4 |       ||    45
   Fire: Orcbow            |       |       |       |    77 |    65 |       ||   142
         Arbalest          |       |       |       |       |   265 |    38 ||   303
  Throw: Dart              |       |       |       |     3 |    12 |     3 ||    18
   Cast: Dazzling Flash    |       |       |       |    26 |    36 |       ||    62
         Stone Arrow       |       |       |       |       |   419 |    83 ||   502
         Foxfire           |       |       |       |       |     8 |     3 ||    11
         Static Discharge  |       |       |       |       |     3 |       ||     3
         Freezing Cloud    |       |       |       |       |       |     9 ||     9
Ability: Shaft Self        |     2 |       |       |     2 |     3 |     1 ||     8
         Dig               |       |       |       |     3 |    21 |     1 ||    25
  Evoke: Wand              |       |       |     1 |    12 |     3 |       ||    16
    Use: Scroll            |       |       |     6 |    16 |     8 |     2 ||    32
         Potion            |       |       |     2 |     5 |       |     1 ||     8
   Stab: Sleeping          |       |    19 |     8 |     7 |     2 |       ||    36
         Distracted        |       |       |     1 |     3 |       |       ||     4
         Invisible         |       |       |       |     6 |     8 |       ||    14
 Armour: Leather armour    |    22 |    82 |       |       |       |       ||   104
         Ring mail         |       |     7 |   168 |   572 |   624 |    52 ||  1423
  Dodge: Dodged            |    23 |    92 |   134 |   491 |   455 |    26 ||  1221
  Block: Buckler           |       |    41 |    55 |   291 |   255 |    18 ||   660
         Kite shield       |       |       |       |       |   108 |    12 ||   120

Table legend: (Time is in decaauts)
 A = Elapsed time spent in this place.
 B = Non-inter-level travel time spent in this place.
 C = Inter-level travel time spent in this place.
 D = Time resting spent in this place.
 E = Time spent auto-exploring this place.
 F = Levels seen in this place.
 G = Mean time per level.
                   A        B        C        D        E       F      G
               +--------+--------+--------+--------+--------+-----+--------+
         Total |  35151 |  32933 |   2218 |  11752 |  10004 |  26 | 1352.0 |
       Dungeon |  24138 |  22512 |   1626 |   7959 |   7155 |  15 | 1609.2 |
        Temple |      3 |      1 |      2 |      0 |      0 |   1 |    3.0 |
          Lair |   9526 |   8936 |    590 |   3177 |   2598 |   5 | 1905.2 |
        Shoals |     82 |     82 |      0 |      0 |      0 |   1 |   82.0 |
  Orcish Mines |     45 |     45 |      0 |      0 |      0 |   1 |   45.0 |
        Bailey |   1009 |   1009 |      0 |    612 |     61 |   1 | 1009.0 |
      Ice Cave |     12 |     12 |      0 |      3 |      0 |   1 |   12.0 |
      Gauntlet |    333 |    333 |      0 |      0 |    189 |   1 |  333.0 |
               +--------+--------+--------+--------+--------+-----+--------+

Top non-repeatable levels by time:
    D:13: 2883 daAuts
  Lair:3: 2818 daAuts
  Lair:4: 2620 daAuts
     D:6: 2335 daAuts
    D:14: 2293 daAuts
  Lair:1: 2123 daAuts
    D:11: 2119 daAuts
    D:15: 1929 daAuts
     D:9: 1848 daAuts
  Lair:2: 1709 daAuts
     D:8: 1598 daAuts
     D:7: 1551 daAuts
     D:5: 1507 daAuts
    D:12: 1500 daAuts
     D:3: 1189 daAuts
